%YAML 1.1
%TAG !u! tag:unity3d.com,2011:
--- !u!1 &8755923236148324902
GameObject:
  m_ObjectHideFlags: 0
  m_CorrespondingSourceObject: {fileID: 0}
  m_PrefabInstance: {fileID: 0}
  m_PrefabAsset: {fileID: 0}
  serializedVersion: 6
  m_Component:
  - component: {fileID: 2146987833554992515}
  m_Layer: 0
  m_Name: Blockouts_2
  m_TagString: Untagged
  m_Icon: {fileID: 0}
  m_NavMeshLayer: 0
  m_StaticEditorFlags: 0
  m_IsActive: 1
--- !u!4 &2146987833554992515
Transform:
  m_ObjectHideFlags: 0
  m_CorrespondingSourceObject: {fileID: 0}
  m_PrefabInstance: {fileID: 0}
  m_PrefabAsset: {fileID: 0}
  m_GameObject: {fileID: 8755923236148324902}
  serializedVersion: 2
  m_LocalRotation: {x: 0, y: 0, z: 0, w: 1}
  m_LocalPosition: {x: 0, y: 0, z: 0}
  m_LocalScale: {x: 1, y: 1, z: 1}
  m_ConstrainProportionsScale: 0
  m_Children:
  - {fileID: 6770686185678896545}
  - {fileID: 7877003726741087713}
  - {fileID: 3256933221501339598}
  - {fileID: 2636448584753283706}
  - {fileID: 5214837057824100158}
  m_Father: {fileID: 0}
  m_LocalEulerAnglesHint: {x: 0, y: 0, z: 0}
--- !u!1001 &2636448584753119636
PrefabInstance:
  m_ObjectHideFlags: 0
  serializedVersion: 2
  m_Modification:
    serializedVersion: 3
    m_TransformParent: {fileID: 2146987833554992515}
    m_Modifications:
    - target: {fileID: 199028, guid: 32e1978d2a5001f43be3a0fd724aa82f, type: 3}
      propertyPath: m_Name
      value: blockouts_Sidewalk_Cor21
      objectReference: {fileID: 0}
    - target: {fileID: 492526, guid: 32e1978d2a5001f43be3a0fd724aa82f, type: 3}
      propertyPath: m_RootOrder
      value: 4687
      objectReference: {fileID: 0}
    - target: {fileID: 492526, guid: 32e1978d2a5001f43be3a0fd724aa82f, type: 3}
      propertyPath: m_LocalScale.z
      value: 1
      objectReference: {fileID: 0}
    - target: {fileID: 492526, guid: 32e1978d2a5001f43be3a0fd724aa82f, type: 3}
      propertyPath: m_LocalPosition.x
      value: 676
      objectReference: {fileID: 0}
    - target: {fileID: 492526, guid: 32e1978d2a5001f43be3a0fd724aa82f, type: 3}
      propertyPath: m_LocalPosition.y
      value: 15
      objectReference: {fileID: 0}
    - target: {fileID: 492526, guid: 32e1978d2a5001f43be3a0fd724aa82f, type: 3}
      propertyPath: m_LocalPosition.z
      value: 460
      objectReference: {fileID: 0}
    - target: {fileID: 492526, guid: 32e1978d2a5001f43be3a0fd724aa82f, type: 3}
      propertyPath: m_LocalRotation.w
      value: 1
      objectReference: {fileID: 0}
    - target: {fileID: 492526, guid: 32e1978d2a5001f43be3a0fd724aa82f, type: 3}
      propertyPath: m_LocalRotation.x
      value: -0
      objectReference: {fileID: 0}
    - target: {fileID: 492526, guid: 32e1978d2a5001f43be3a0fd724aa82f, type: 3}
      propertyPath: m_LocalRotation.y
      value: -0
      objectReference: {fileID: 0}
    - target: {fileID: 492526, guid: 32e1978d2a5001f43be3a0fd724aa82f, type: 3}
      propertyPath: m_LocalRotation.z
      value: -0
      objectReference: {fileID: 0}
    m_RemovedComponents: []
    m_RemovedGameObjects: []
    m_AddedGameObjects: []
    m_AddedComponents: []
  m_SourcePrefab: {fileID: 100100000, guid: 32e1978d2a5001f43be3a0fd724aa82f, type: 3}
--- !u!4 &2636448584753283706 stripped
Transform:
  m_CorrespondingSourceObject: {fileID: 492526, guid: 32e1978d2a5001f43be3a0fd724aa82f, type: 3}
  m_PrefabInstance: {fileID: 2636448584753119636}
  m_PrefabAsset: {fileID: 0}
--- !u!1001 &3256933221501745470
PrefabInstance:
  m_ObjectHideFlags: 0
  serializedVersion: 2
  m_Modification:
    serializedVersion: 3
    m_TransformParent: {fileID: 2146987833554992515}
    m_Modifications:
    - target: {fileID: 191680, guid: e1e020ca14b039847905ba13f31b33be, type: 3}
      propertyPath: m_Name
      value: blockouts_Sidewalk_Mid 22
      objectReference: {fileID: 0}
    - target: {fileID: 409328, guid: e1e020ca14b039847905ba13f31b33be, type: 3}
      propertyPath: m_RootOrder
      value: 4686
      objectReference: {fileID: 0}
    - target: {fileID: 409328, guid: e1e020ca14b039847905ba13f31b33be, type: 3}
      propertyPath: m_LocalScale.z
      value: 1
      objectReference: {fileID: 0}
    - target: {fileID: 409328, guid: e1e020ca14b039847905ba13f31b33be, type: 3}
      propertyPath: m_LocalPosition.x
      value: 676
      objectReference: {fileID: 0}
    - target: {fileID: 409328, guid: e1e020ca14b039847905ba13f31b33be, type: 3}
      propertyPath: m_LocalPosition.y
      value: 15
      objectReference: {fileID: 0}
    - target: {fileID: 409328, guid: e1e020ca14b039847905ba13f31b33be, type: 3}
      propertyPath: m_LocalPosition.z
      value: 460
      objectReference: {fileID: 0}
    - target: {fileID: 409328, guid: e1e020ca14b039847905ba13f31b33be, type: 3}
      propertyPath: m_LocalRotation.w
      value: 0.70710695
      objectReference: {fileID: 0}
    - target: {fileID: 409328, guid: e1e020ca14b039847905ba13f31b33be, type: 3}
      propertyPath: m_LocalRotation.x
      value: -0
      objectReference: {fileID: 0}
    - target: {fileID: 409328, guid: e1e020ca14b039847905ba13f31b33be, type: 3}
      propertyPath: m_LocalRotation.y
      value: -0.70710665
      objectReference: {fileID: 0}
    - target: {fileID: 409328, guid: e1e020ca14b039847905ba13f31b33be, type: 3}
      propertyPath: m_LocalRotation.z
      value: -0
      objectReference: {fileID: 0}
    m_RemovedComponents: []
    m_RemovedGameObjects: []
    m_AddedGameObjects: []
    m_AddedComponents: []
  m_SourcePrefab: {fileID: 100100000, guid: e1e020ca14b039847905ba13f31b33be, type: 3}
--- !u!4 &3256933221501339598 stripped
Transform:
  m_CorrespondingSourceObject: {fileID: 409328, guid: e1e020ca14b039847905ba13f31b33be, type: 3}
  m_PrefabInstance: {fileID: 3256933221501745470}
  m_PrefabAsset: {fileID: 0}
--- !u!1001 &5214837057823804624
PrefabInstance:
  m_ObjectHideFlags: 0
  serializedVersion: 2
  m_Modification:
    serializedVersion: 3
    m_TransformParent: {fileID: 2146987833554992515}
    m_Modifications:
    - target: {fileID: 199028, guid: 32e1978d2a5001f43be3a0fd724aa82f, type: 3}
      propertyPath: m_Name
      value: blockouts_Sidewalk_Cor22
      objectReference: {fileID: 0}
    - target: {fileID: 492526, guid: 32e1978d2a5001f43be3a0fd724aa82f, type: 3}
      propertyPath: m_RootOrder
      value: 4688
      objectReference: {fileID: 0}
    - target: {fileID: 492526, guid: 32e1978d2a5001f43be3a0fd724aa82f, type: 3}
      propertyPath: m_LocalScale.z
      value: -1
      objectReference: {fileID: 0}
    - target: {fileID: 492526, guid: 32e1978d2a5001f43be3a0fd724aa82f, type: 3}
      propertyPath: m_LocalPosition.x
      value: 676
      objectReference: {fileID: 0}
    - target: {fileID: 492526, guid: 32e1978d2a5001f43be3a0fd724aa82f, type: 3}
      propertyPath: m_LocalPosition.y
      value: 15
      objectReference: {fileID: 0}
    - target: {fileID: 492526, guid: 32e1978d2a5001f43be3a0fd724aa82f, type: 3}
      propertyPath: m_LocalPosition.z
      value: 430.5
      objectReference: {fileID: 0}
    - target: {fileID: 492526, guid: 32e1978d2a5001f43be3a0fd724aa82f, type: 3}
      propertyPath: m_LocalRotation.w
      value: 1
      objectReference: {fileID: 0}
    - target: {fileID: 492526, guid: 32e1978d2a5001f43be3a0fd724aa82f, type: 3}
      propertyPath: m_LocalRotation.x
      value: -0
      objectReference: {fileID: 0}
    - target: {fileID: 492526, guid: 32e1978d2a5001f43be3a0fd724aa82f, type: 3}
      propertyPath: m_LocalRotation.y
      value: -0
      objectReference: {fileID: 0}
    - target: {fileID: 492526, guid: 32e1978d2a5001f43be3a0fd724aa82f, type: 3}
      propertyPath: m_LocalRotation.z
      value: -0
      objectReference: {fileID: 0}
    m_RemovedComponents: []
    m_RemovedGameObjects: []
    m_AddedGameObjects: []
    m_AddedComponents: []
  m_SourcePrefab: {fileID: 100100000, guid: 32e1978d2a5001f43be3a0fd724aa82f, type: 3}
--- !u!4 &5214837057824100158 stripped
Transform:
  m_CorrespondingSourceObject: {fileID: 492526, guid: 32e1978d2a5001f43be3a0fd724aa82f, type: 3}
  m_PrefabInstance: {fileID: 5214837057823804624}
  m_PrefabAsset: {fileID: 0}
--- !u!1001 &6770686185679274833
PrefabInstance:
  m_ObjectHideFlags: 0
  serializedVersion: 2
  m_Modification:
    serializedVersion: 3
    m_TransformParent: {fileID: 2146987833554992515}
    m_Modifications:
    - target: {fileID: 191680, guid: e1e020ca14b039847905ba13f31b33be, type: 3}
      propertyPath: m_Name
      value: blockouts_Sidewalk_Mid 24
      objectReference: {fileID: 0}
    - target: {fileID: 409328, guid: e1e020ca14b039847905ba13f31b33be, type: 3}
      propertyPath: m_RootOrder
      value: 4670
      objectReference: {fileID: 0}
    - target: {fileID: 409328, guid: e1e020ca14b039847905ba13f31b33be, type: 3}
      propertyPath: m_LocalScale.z
      value: 1
      objectReference: {fileID: 0}
    - target: {fileID: 409328, guid: e1e020ca14b039847905ba13f31b33be, type: 3}
      propertyPath: m_LocalPosition.x
      value: 676
      objectReference: {fileID: 0}
    - target: {fileID: 409328, guid: e1e020ca14b039847905ba13f31b33be, type: 3}
      propertyPath: m_LocalPosition.y
      value: 15
      objectReference: {fileID: 0}
    - target: {fileID: 409328, guid: e1e020ca14b039847905ba13f31b33be, type: 3}
      propertyPath: m_LocalPosition.z
      value: 440.5
      objectReference: {fileID: 0}
    - target: {fileID: 409328, guid: e1e020ca14b039847905ba13f31b33be, type: 3}
      propertyPath: m_LocalRotation.w
      value: 0.70710695
      objectReference: {fileID: 0}
    - target: {fileID: 409328, guid: e1e020ca14b039847905ba13f31b33be, type: 3}
      propertyPath: m_LocalRotation.x
      value: -0
      objectReference: {fileID: 0}
    - target: {fileID: 409328, guid: e1e020ca14b039847905ba13f31b33be, type: 3}
      propertyPath: m_LocalRotation.y
      value: -0.70710665
      objectReference: {fileID: 0}
    - target: {fileID: 409328, guid: e1e020ca14b039847905ba13f31b33be, type: 3}
      propertyPath: m_LocalRotation.z
      value: -0
      objectReference: {fileID: 0}
    m_RemovedComponents: []
    m_RemovedGameObjects: []
    m_AddedGameObjects: []
    m_AddedComponents: []
  m_SourcePrefab: {fileID: 100100000, guid: e1e020ca14b039847905ba13f31b33be, type: 3}
--- !u!4 &6770686185678896545 stripped
Transform:
  m_CorrespondingSourceObject: {fileID: 409328, guid: e1e020ca14b039847905ba13f31b33be, type: 3}
  m_PrefabInstance: {fileID: 6770686185679274833}
  m_PrefabAsset: {fileID: 0}
--- !u!1001 &7877003726740953873
PrefabInstance:
  m_ObjectHideFlags: 0
  serializedVersion: 2
  m_Modification:
    serializedVersion: 3
    m_TransformParent: {fileID: 2146987833554992515}
    m_Modifications:
    - target: {fileID: 191680, guid: e1e020ca14b039847905ba13f31b33be, type: 3}
      propertyPath: m_Name
      value: blockouts_Sidewalk_Mid 23
      objectReference: {fileID: 0}
    - target: {fileID: 409328, guid: e1e020ca14b039847905ba13f31b33be, type: 3}
      propertyPath: m_RootOrder
      value: 4674
      objectReference: {fileID: 0}
    - target: {fileID: 409328, guid: e1e020ca14b039847905ba13f31b33be, type: 3}
      propertyPath: m_LocalScale.z
      value: 1
      objectReference: {fileID: 0}
    - target: {fileID: 409328, guid: e1e020ca14b039847905ba13f31b33be, type: 3}
      propertyPath: m_LocalPosition.x
      value: 676
      objectReference: {fileID: 0}
    - target: {fileID: 409328, guid: e1e020ca14b039847905ba13f31b33be, type: 3}
      propertyPath: m_LocalPosition.y
      value: 15
      objectReference: {fileID: 0}
    - target: {fileID: 409328, guid: e1e020ca14b039847905ba13f31b33be, type: 3}
      propertyPath: m_LocalPosition.z
      value: 450
      objectReference: {fileID: 0}
    - target: {fileID: 409328, guid: e1e020ca14b039847905ba13f31b33be, type: 3}
      propertyPath: m_LocalRotation.w
      value: 0.70710695
      objectReference: {fileID: 0}
    - target: {fileID: 409328, guid: e1e020ca14b039847905ba13f31b33be, type: 3}
      propertyPath: m_LocalRotation.x
      value: -0
      objectReference: {fileID: 0}
    - target: {fileID: 409328, guid: e1e020ca14b039847905ba13f31b33be, type: 3}
      propertyPath: m_LocalRotation.y
      value: -0.70710665
      objectReference: {fileID: 0}
    - target: {fileID: 409328, guid: e1e020ca14b039847905ba13f31b33be, type: 3}
      propertyPath: m_LocalRotation.z
      value: -0
      objectReference: {fileID: 0}
    m_RemovedComponents: []
    m_RemovedGameObjects: []
    m_AddedGameObjects: []
    m_AddedComponents: []
  m_SourcePrefab: {fileID: 100100000, guid: e1e020ca14b039847905ba13f31b33be, type: 3}
--- !u!4 &7877003726741087713 stripped
Transform:
  m_CorrespondingSourceObject: {fileID: 409328, guid: e1e020ca14b039847905ba13f31b33be, type: 3}
  m_PrefabInstance: {fileID: 7877003726740953873}
  m_PrefabAsset: {fileID: 0}
